 Dungeon Crawl Stone Soup version 0.30-a0-1103-g25895a7845 (webtiles) character file.

Game seed: 6952679559508830419

173 jlumianski the Trooper (level 5, 0/41 HPs)
             Began as a Demonspawn Fighter on Apr 19, 2023.
             Was an Initiate of Qazlal.
             Succumbed to a scorpion's poison
             ... on level 5 of the Dungeon.
             The game lasted 00:09:15 (3613 turns).

jlumianski the Trooper (Demonspawn Fighter)         Turns: 3613, Time: 00:09:16

Health: 0/41       AC:  6    Str: 18    XL:     5   Next: 28%
Magic:  6/6        EV:  9    Int: 10    God:    Qazlal [......]
Gold:   163        SH:  4    Dex: 12    Spells: 4/4 levels left

rFire   + . .      SeeInvis .    a - +0 war axe
rCold   . . .      Faith    .    c - +0 buckler
rNeg    . . .      Spirit   .    b - +0 scale mail
rPois   .          Reflect  .    (no helmet)
rElec   .          Rampage  .    (no cloak)
rCorr   +                        (no gloves)
Will    .....                    (no boots) Stlth
                                 (no amulet)
HPRegen 0.26/turn                f - ring of resist corrosion
MPRegen 0.10/turn                i - ring of protection from fire

@: lethally poisoned (0 -> -2)
A: powered by pain 2
a: Renounce Religion


You were on level 5 of the Dungeon.
You worshipped Qazlal.
Qazlal was noncommittal.
You visited 1 branch of the dungeon, and saw 5 of its levels.

You collected 163 gold pieces.

Inventory:

Hand Weapons
 a - a +0 war axe (weapon)
 x - the +7 mace of Variability {chaos, chaos arc}
   (You found it on level 3 of the Dungeon)
Missiles
 j - 46 stones
 t - 4 poisoned darts (quivered)
Armour
 b - a +0 scale mail (worn)
 c - a +0 buckler (worn)
Jewellery
 f - a ring of resist corrosion (left hand)
 h - a ring of ice
 i - a ring of protection from fire (right hand)
Wands
 u - a wand of flame (4)
Scrolls
 e - 3 scrolls of teleportation
 k - a scroll of blinking {unknown}
 q - a scroll of enchant weapon {unknown}
 r - a scroll of fog {unknown}
 v - a scroll of vulnerability
 y - a scroll of silence {unknown}
Potions
 d - 2 potions of might
 g - 2 potions of brilliance
 l - a potion of cancellation
 m - 3 potions of flight
 n - a potion of attraction
 o - 3 potions of resistance
 p - a potion of invisibility
 z - a potion of mutation {unknown}


   Skills:
 + Level 3.5 Fighting
 + Level 3.3 Axes
 + Level 3.5 Armour
 + Level 0.5 Dodging
 + Level 3.2 Shields
 * Level 1.5 Invocations


You had 4 spell levels left.
You didn't know any spells.
Your spell library contained the following spells:

 Spells                   Type           Power      Damage    Failure   Level
 Call Canine Familiar     Summ           0%         N/A       99%         3
 Portal Projectile        Hex/Tloc       0%         N/A       99%         3
 Leda's Liquefaction      Hex/Erth       0%         N/A       100%        4


Dungeon Overview and Level Annotations

Branches:
Dungeon (5/15)
 Temple: D:4-7

Altars:
Qazlal


Innate Abilities, Weirdness & Mutations

You sometimes gain power by taking damage.


Message History

The scorpion barely misses you. The scorpion closely misses you.
You hit the scorpion.
The scorpion is severely wounded.
The scorpion stings you.
* * * LOW HITPOINT WARNING * * *
The scorpion stings you but does no damage.
Aiming: Throw Flame
Press: ? - help, Shift-Dir - straight line, f/p - scorpion
Aim: a scorpion (severely wounded, 68% to hit)
The puff of flame misses the scorpion.
You block the scorpion's attack.
Aiming: Throw Flame
Press: ? - help, Shift-Dir - straight line, f/p - scorpion
Aim: a scorpion (severely wounded, 68% to hit)
The puff of flame hits the scorpion but does no damage.
The scorpion is severely wounded.
The scorpion barely misses you.
Aiming: Throw Flame
Press: ? - help, Shift-Dir - straight line, f/p - scorpion
Aim: a scorpion (severely wounded, 68% to hit)
The puff of flame hits the scorpion but does no damage.
The scorpion is severely wounded.
The scorpion stings you.
* * * LOW HITPOINT WARNING * * *
You are lethally poisoned!
The scorpion poisons you!
Okay, then.
Unknown command.
As you read the scroll of fear, it crumbles to dust.
You assume a fearsome visage.
The scorpion looks frightened!
* * * LOW HITPOINT WARNING * * *
You feel very sick.
* * * LOW HITPOINT WARNING * * *
You feel sick.
* * * LOW HITPOINT WARNING * * *
You feel sick.
* * * LOW HITPOINT WARNING * * *
You feel sick.
* * * LOW HITPOINT WARNING * * *
You feel sick.
You die...

### #
#########.#
#..###.@.......#
#.......######.#
....###..# #.#
#.#......# #.#
.^.####.# ####.#
# #.# #....# #.#
#.#### #<# #<#
#.# #[#


There were no monsters in sight!

Vanquished Creatures
  A hound (D:3)
  An iguana (D:3)
  6 adders
  A worm (D:3)
  A dart slug (D:2)
  5 orcs (D:3)
  5 bats
  3 endoplasms
  6 hobgoblins
  A jackal (D:3)
  5 quokkas
  7 ball pythons
  4 frilled lizards
  4 goblins
  5 kobolds
  5 rats
60 creatures vanquished.

Notes
Turn   | Place    | Note
-------+----------+-------------------------------------------
     0 | D:1      | jlumianski the Demonspawn Fighter began the quest for the
                  | Orb.
     0 | D:1      | Reached XP level 1. HP: 18/18 MP: 1/1
   557 | D:2      | Gained mutation: You sometimes gain a little power by
                  | taking damage. [demonic ancestry]
   557 | D:2      | Reached XP level 2. HP: 21/24 MP: 2/2
  1121 | D:2      | Reached XP level 3. HP: 21/29 MP: 3/3
  2184 | D:3      | Gained mutation: You sometimes gain power by taking damage.
                  | [demonic ancestry]
  2184 | D:3      | Reached XP level 4. HP: 33/35 MP: 4/4
  2491 | D:3      | Found a stormy altar of Qazlal.
  2498 | D:3      | Became a worshipper of Qazlal Stormbringer
  2644 | D:3      | Found the +7 mace of Variability {chaos, chaos arc}
  2730 | D:3      | Reached skill level 1 in Invocations
  2730 | D:3      | Reached XP level 5. HP: 30/41 MP: 5/5
  3568 | D:5      | Entered Level 5 of the Dungeon
  3611 | D:5      | HP: 1/41 [poisoned by a scorpion]
  3613 | D:5      | Succumbed to a scorpion's poison

Illustrated notes

Levels and vault maps discovered:
D:1:      dpeg_arrival_ternary, layout_loops_corners, grunt_decor_fettered
D:2:      layout_basic
D:3:      layout_basic, old_standard_altar, serial_co_window_serial,
          co_window_corner_a, co_window_corner_a, co_window_corner_a,
          co_window_cross_1, co_window_paths_a, co_window_of_opportunity_c,
          co_window_unsneaky_path_e, co_window_corner_b, co_window_2corner,
          co_window_broadway_a, co_window_corner_b, co_window_4corner_a,
          glass_columns_c, glass_columns_a, serial_bayou_pond_c
D:4:      layout_cave_pods, kennysheep_mini, minmay_temple_entry_glassed_door
D:5:      layout_loops_ring, kennysheep_generic_room_4

Skill      XL: |  1  2  3  4 |
---------------+-------------+-----
Shields        | 3 |  3.2
Axes           | 2 3 |  3.3
Armour         | 3 |  3.5
Invocations    | 1 |  1.5
Fighting       | |  3.5
Dodging        | |  0.5

Action                     |  1- 3 |  4- 6 || total
---------------------------+-------+-------++-------
  Melee: War axe           |   121 |    71 ||   192
  Throw: Dart              |       |     1 ||     1
  Evoke: Wand              |       |     3 ||     3
    Use: Scroll            |     6 |     3 ||     9
         Potion            |       |     3 ||     3
 Armour: Scale mail        |    59 |    24 ||    83
  Dodge: Dodged            |    72 |    35 ||   107
  Block: Buckler           |    30 |    17 ||    47

Table legend: (Time is in decaauts)
 A = Elapsed time spent in this place.
 B = Non-inter-level travel time spent in this place.
 C = Inter-level travel time spent in this place.
 D = Time resting spent in this place.
 E = Time spent auto-exploring this place.
 F = Levels seen in this place.
 G = Mean time per level.
                   A        B        C        D        E       F      G
               +--------+--------+--------+--------+--------+-----+--------+
         Total |   3712 |   3630 |     82 |     67 |   2573 |   5 |  742.4 |
       Dungeon |   3712 |   3630 |     82 |     67 |   2573 |   5 |  742.4 |
               +--------+--------+--------+--------+--------+-----+--------+

Top non-repeatable levels by time:
     D:3: 1493 daAuts
     D:2: 1003 daAuts
     D:1: 956 daAuts
     D:4: 210 daAuts
     D:5: 48 daAuts
